 Dungeon Crawl Stone Soup version 0.30.0-15-g856e2d3f33 (webtiles) character file.

Game seed: 11612713212102232919

98 Hubris850 the Shooter (level 4, -21/33 HPs)
             Began as a Barachi Hexslinger on May 18, 2023.
             Was an Initiate of Fedhas.
             Killed by an exploding black bear (23 damage)
             ... ignited by their inner flame
             ... on level 3 of the Dungeon.
             The game lasted 00:05:46 (2535 turns).

Hubris850 the Shooter (Barachi Hexslinger)          Turns: 2535, Time: 00:05:47

Health: -21/33     AC:  4    Str: 11    XL:     4   Next: 69%
Magic:  2/5        EV: 12    Int: 14    God:    Fedhas [......]
Gold:   137        SH:  0    Dex: 14    Spells: 1/5 levels left

rFire   . . .        a - +1 sling
rCold   . . .        (no shield)
rNeg    + . .        j - +0 leather armour
rPois   .            (no helmet)
rElec   .            (no cloak)
rCorr   .            p - +0 pair of gloves
SInv    .            (no boots)
Will    .....        (no amulet)
Stlth   +            g - ring of positive energy
HPRegen 0.25/turn    r - ring of wizardry
MPRegen 0.09/turn

%: wizardry (x1)
@: slow
A: amphibious, slowness 1, strong legs 1, +LOS
a: Hop, Renounce Religion


You were on level 3 of the Dungeon.
You worshipped Fedhas.
Fedhas was noncommittal.
You visited 1 branch of the dungeon, and saw 4 of its levels.

You collected 137 gold pieces.

Inventory:

Hand Weapons
 a - a +1 sling (weapon)
 b - a +3 short sword
Missiles
 q - 7 poisoned darts
 x - 6 datura-tipped darts
Armour
 c - a +0 robe
 j - a +0 leather armour (worn)
 p - a +0 pair of gloves (worn)
Jewellery
 g - a ring of positive energy (left hand)
 h - a ring of positive energy
 r - a ring of wizardry (right hand)
 t - a ring of resist corrosion
Wands
 n - a wand of mindburst (14)
Scrolls
 l - a scroll of poison
 u - a scroll of fear {unknown}
 w - a scroll of amnesia {unknown}
Potions
 d - a potion of curing
 e - a potion of cancellation {unknown}
 f - 4 potions of heal wounds {unknown}
 i - a potion of degeneration {unknown}
 k - 4 potions of mutation {unknown}
 m - a potion of magic {unknown}
 o - a potion of brilliance {unknown}
 s - a potion of haste {unknown}
 v - a potion of berserk rage {unknown}


   Skills:
 - Level 2.0 Fighting
 + Level 3.7 Ranged Weapons
 - Level 3.5 Dodging
 - Level 1.1 Spellcasting
 - Level 3.2 Hexes


You had one spell level left.
You knew the following spells:

 Your Spells              Type           Power      Damage    Failure   Level
a - Slow                  Hex            36%        N/A       3%          1
b - Inner Flame           Hex/Fire       5%         N/A       21%         3

Your spell library contained the following spells:

 Spells                   Type           Power      Damage    Failure   Level
 Portal Projectile        Hex/Tloc       10%        N/A       21%         3
 Cause Fear               Hex            4%         N/A       32%         4


Dungeon Overview and Level Annotations

Branches:
Dungeon (4/15)
 Temple: D:4-7

Altars:
Ashenzari
Dithmenos
Fedhas
Makhleb
Ru
Trog
Vehumet
Wu Jian


Innate Abilities, Weirdness & Mutations

You are amphibious.
You cover ground slowly.
You can hop short distances.
You have an extended range of vision and can be seen from far away.


Message History

Casting: Slow (safe; 3% risk of failure)
Confirm with . or Enter, or press ? or * to list all spells.
The spell is quite dangerous to miscast (21% risk of failure)!
Continue anyway?
Aiming: Inner Flame (quite dangerous; 21% risk of failure)
Press: ? - help, Dir - move target, f - black bear
Aim: a black bear (moderately wounded, chance to affect: 49%)
The black bear is filled with an inner flame.
The black bear bites you. The black bear claws you. x2
Fire: a) +1 sling
Press: ? - help, Q - select action, (/) - cycle Shift-Dir - straight line, f/p - black bear
Aim: a black bear (moderately wounded, inner flame, 67% to hit)
You shoot a sling bullet.
The sling bullet closely misses the black bear.
The black bear misses you. x3
Fire: a) +1 sling
Press: ? - help, Q - select action, (/) - cycle Shift-Dir - straight line, f/p - black bear
Aim: a black bear (moderately wounded, inner flame, 67% to hit)
You shoot a sling bullet.
The sling bullet hits the black bear but does no damage.
The black bear is moderately wounded.
The black bear bites you! The black bear claws you. x2
The black bear bites you.
* * * LOW HITPOINT WARNING * * *
The black bear claws you.
* * * LOW HITPOINT WARNING * * *
The black bear claws you.
* * * LOW HITPOINT WARNING * * *
Fire: a) +1 sling
Press: ? - help, Q - select action, (/) - cycle Shift-Dir - straight line, f/p - black bear
Aim: a black bear (moderately wounded, inner flame, 67% to hit)
You shoot a sling bullet. The sling bullet hits the black bear.
Flame seeps out of the black bear.
The black bear is heavily wounded.
The black bear is engulfed in blazing flames.
Fedhas appreciates your contribution to the ecosystem.
The black bear explodes!
The fiery explosion engulfs you!!
Ouch! That really hurt!
You die...
Fedhas appreciates your contribution to the ecosystem.

#...# #.....# #.# ##########...#
#.....# #.# ....<........#
#.....# #.# .#########.#.#
#.....# #.# .# #.#.#######.....#
#.# .# #.#.##.........## #.# .#
#.#.##.######..# #.# .#
#.#.##.######..# #.# .#
######.#....@§§.....######### .#
#...##......§○.......##.#__##
.####...####....§§§####.##_....[#
.##.......###.......# #.####..###
................#.#.# #.##_...._#
##........###)#.#.#.###>####..###
#.##...### #.#..........#8....#
#.##...# #.#####.########..###
#.###.######.# #.# #_...._#


There were no monsters in sight!

Vanquished Creatures
  A black bear (D:3)
  5 adders (D:2)
  3 worms (D:2)
  6 endoplasms
  A giant cockroach (D:1)
  6 goblins
  A hobgoblin (D:3)
  8 ball pythons
  6 bats
  2 frilled lizards (D:2)
  6 kobolds
  A rat (D:1)
46 creatures vanquished.

Notes
Turn   | Place    | Note
-------+----------+-------------------------------------------
     0 | D:1      | Hubris850 the Barachi Hexslinger began the quest for the
                  | Orb.
     0 | D:1      | Reached XP level 1. HP: 15/15 MP: 2/2
   129 | D:1      | Reached XP level 2. HP: 21/21 MP: 3/3
   371 | D:1      | Found a faded altar of an unknown god.
   589 | D:2      | Reached XP level 3. HP: 27/27 MP: 4/4
   909 | D:2      | Reached XP level 4. HP: 33/33 MP: 5/5
  1023 | D:2      | HP: 1/33 [poisoned by an adder]
  2095 | D:3      | Found a broken altar of Ashenzari.
  2099 | D:3      | Found a sacrificial altar of Ru.
  2100 | D:3      | Found a shadowy altar of Dithmenos.
  2100 | D:3      | Found a burning altar of Makhleb.
  2100 | D:3      | Found a blossoming altar of Fedhas.
  2103 | D:3      | Found a bloodstained altar of Trog.
  2104 | D:3      | Found an ornate altar of the Wu Jian Council.
  2105 | D:3      | Found a radiant altar of Vehumet.
  2109 | D:3      | Became a worshipper of Fedhas Madash
  2173 | D:3      | Learned a level 3 spell: Inner Flame
  2528 | D:4      | Noticed a black bear
  2529 | D:4      | Noticed an ogre
  2535 | D:3      | Killed a black bear
  2535 | D:3      | Killed by an exploding black bear... ignited by their inner
                  | flame

Illustrated notes

Levels and vault maps discovered:
D:1:      eino_arrival_water_cross, layout_basic,
          shapermc_ecumenical_altar_totnotflames
D:2:      layout_loops_ring, minmay_misc_feat_diagonals, nicolae_wormholes
D:3:      layout_loops_ring, minitemple
D:4:      layout_rooms, regret_index_temple_of_mockery

Skill      XL: |  1  2  3 |
---------------+----------+-----
Fighting       | 2 |  2.0
Dodging        | 3 |  3.5
Ranged Weapons | 3 |  3.7
Spellcasting   | |  1.1
Hexes          | |  3.2

Action                     |  1- 3 |  4- 6 || total
---------------------------+-------+-------++-------
   Fire: Sling             |   110 |    94 ||   204
   Cast: Slow              |     1 |       ||     1
         Inner Flame       |       |     1 ||     1
    Use: Scroll            |     1 |     2 ||     3
 Armour: Robe              |     6 |       ||     6
         Leather armour    |    19 |    21 ||    40
  Dodge: Dodged            |    39 |    40 ||    79
